 Dungeon Crawl Stone Soup version 0.24-a0-504-gcfb02b9 (webtiles) character file.

Game seed: 1334699860830792597

102 MuMoWu the Skirmisher (level 4, -3/37 HPs)
             Began as a Mummy Monk on July 16, 2019.
             Killed from afar by Sigmund (10 damage)
             ... with a puff of flame
             ... on level 2 of the Dungeon.
             The game lasted 00:05:16 (1657 turns).

MuMoWu the Skirmisher (Mummy Monk)                  Turns: 1657, Time: 00:05:17

Health: -3/37      AC:  6    Str: 15    XL:     4   Next: 49%
Magic:  4/4        EV: 12    Int:  9    God:
Gold:   76         SH:  0    Dex: 14    Spells: 3/3 levels left

rFire    x . .     SeeInvis .     - Unarmed
rCold    + . .     Gourm    .   (no shield)
rNeg     + + +     Faith    .   d - +1 ring mail
rPois    ∞         Spirit   .   (no helmet)
rElec    .         Reflect  .   (no cloak)
rCorr    .         Harm     .   (no gloves)
MR       +....                  (no boots)
Stlth    +.........             (no amulet)
HPRegen  0.12/turn              e - ring of protection from magic
MPRegen  0.09/turn              (no ring)

@: no status effects
A: no food or potions, fire vulnerability, cold resistance 1, negative energy
resistance 3, torment resistance, unbreathing
a: no special abilities


You were on level 2 of the Dungeon.
You were not hungry.

You visited 1 branch of the dungeon, and saw 2 of its levels.

You collected 76 gold pieces.

Inventory:

Missiles
 c - 4 boomerangs (quivered)
Armour
 a - a +0 robe
 d - a +1 ring mail (worn)
Jewellery
 e - a ring of protection from magic (left hand)
Scrolls
 f - 2 scrolls of identify


   Skills:
 + Level 3.9 Fighting
 + Level 3.2 Dodging
 - Level 1.5 Stealth
 + Level 3.2 Unarmed Combat


You had 3 spell levels left.
You didn't know any spells.
Your spell library was empty.

Dungeon Overview and Level Annotations

Branches:
Dungeon (2/15)

Altars:
Fedhas
Kikubaaqudgha

Annotations:
D:2 Sigmund


Innate Abilities, Weirdness & Mutations

You do not eat or drink.
Your flesh is vulnerable to fire.
You are immune to poison.
Your flesh is cold resistant. (rC+)
You are immune to negative energy. (rN+++)
You are immune to unholy pain and torment.
You can survive without breathing.


Message History

Sigmund zaps a wand.
The puff of flame hits you! The fire burns you terribly!
The kobold throws a stone.
The stone hits you.
Sigmund laughs darkly.
You see here a stone.
Sigmund zaps a wand.
The puff of flame hits you! The fire burns you terribly!
* * * LOW HITPOINT WARNING * * *
Sigmund whispers, "You'll know eternity soon."
As you read the scroll labeled YWO ZOLASA, it crumbles to dust.
It is a scroll of enchant armour.
Your +0 ring mail glows green for a moment.
Sigmund points at you and mumbles some strange words.
The magic dart hits you.
* * * LOW HITPOINT WARNING * * *
As you read the scroll labeled RUOSTR POMUSH, it crumbles to dust.
It is a scroll of identify.
You don't have any unidentified items.
Sigmund gestures at you while chanting. The puff of flame misses you.
Sigmund zaps a wand.
The puff of flame hits you! The fire burns you terribly!
You die...

#.# #.# #.# #.#
#.# #.# #.# #.#
#.# #.# #.# #.####
#.# #..†.. #.#
######
#@################
#......@.........K
#..)#..#.@#..#..#.
#................(
#...#..#..#..#..#.
#......K..........
##################


You could see Sigmund and a kobold.

Vanquished Creatures
  Jessica (D:2)
  4 gnolls
  An adder (D:2)
  A leopard gecko (D:2)
  3 goblins
  4 hobgoblins
  3 bats
  2 frilled lizards (D:1)
  9 kobolds
  5 rats
33 creatures vanquished.

Notes
Turn   | Place    | Note
-------+----------+-------------------------------------------
     0 | D:1      | MuMoWu the Mummy Monk began the quest for the Orb.
     0 | D:1      | Reached XP level 1. HP: 18/18 MP: 1/1
   287 | D:1      | Reached XP level 2. HP: 24/24 MP: 2/2
   587 | D:2      | Found a blossoming altar of Fedhas.
   587 | D:2      | Found an ancient bone altar of Kikubaaqudgha.
   635 | D:2      | Found a faded altar of an unknown god.
   652 | D:2      | Reached XP level 3. HP: 21/29 MP: 3/3
  1315 | D:2      | Noticed Jessica
  1442 | D:2      | Killed Jessica
  1442 | D:2      | Reached XP level 4. HP: 28/37 MP: 4/4
  1631 | D:2      | Noticed Sigmund
  1657 | D:2      | Killed from afar by Sigmund

Levels and vault maps discovered:
D:1:      saegor_arrival_simple_a, layout_basic
D:2:      layout_loops_ring, grunt_temple_overflow_growth_and_decay,
          chequers_ecumenical_altar_island, columned_hall_lemuel, uniq_sigmund,
          uniq_terence, uniq_jessica

Skill      XL: |  1  2  3 |
---------------+----------+-----
Unarmed Combat | 3 |  3.2
Dodging        | 3 |  3.2
Fighting       | |  3.9
Stealth        | |  1.5

Action                   |  1- 3 |  4- 6 || total
-------------------------+-------+-------++-------
Melee: Unarmed           |   115 |    22 ||   137
       Punch             |     1 |       ||     1
  Use: Scroll            |     1 |     2 ||     3
 Stab: Sleeping          |     1 |       ||     1
Armor: Ring mail         |    20 |    15 ||    35
       Robe              |     1 |       ||     1
Dodge: Dodged            |    69 |    16 ||    85

Table legend:
 A = Non-vault XP
 B = Vault XP
 C = Vault XP percentage of total XP
 D = Non-vault monster count
 E = Vault monster count
 F = Vault count percentage of total count
                 A         B        C        D         E       F
            +---------+---------+-------+---------+---------+-------
      Total |     109 |      37 |  25.3 |      32 |       1 |   3.0
            +---------+---------+-------+---------+---------+-------
        D:1 |      52 |       0 |   0.0 |      19 |       0 |   0.0
        D:2 |      57 |      37 |  39.4 |      13 |       1 |   7.1
            +---------+---------+-------+---------+---------+-------
